 Dungeon Crawl Stone Soup version 0.31-a0-222-gefeffbb62a (webtiles) character file.

Game seed: 1416243114726770558

41428 juan097 the Cleaver (level 14, -5/115 HPs)
             Began as a Formicid Fighter on July 5, 2023.
             Was a High Priest of Okawaru.
             Slain by a 16-headed hydra (11 damage)
             ... on level 3 of the Lair of Beasts.
             The game lasted 00:50:57 (20491 turns).

juan097 the Cleaver (Formicid Fighter)             Turns: 20491, Time: 00:50:59

Health: -5/115     AC: 38    Str: 32    XL:     14   Next: 50%
Magic:  15/20      EV:  9    Int:  8    God:    Okawaru [*****.]
Gold:   1247       SH: 13    Dex: 13    Spells: 13/13 levels left

rFire   + . .        R - +1 glaive (vamp)
rCold   . . .        F - +1 kite shield {AC+3}
rNeg    . . .        c - +15 Maxwell's patent armour {-Cast -Tele rElec Will+ rCorr}
rPois   .            (helmet unavailable)
rElec   +            N - +1 cloak
rCorr   +            j - +0 pair of gloves
SInv    +            f - +0 pair of boots
Will    ++...        x - amulet of faith Stlth
                     n - +6 ring of strength {=R}
HPRegen 0.39/turn    h - ring of protection from fire
MPRegen 0.17/turn

%: no spellcasting, faith
@: finesse-ful
A: permanent stasis, dig shafts and tunnels, antennae 3, four strong arms
a: Dig, Shaft Self, Renounce Religion, Heroism, Finesse, Duel


You were on level 3 of the Lair of Beasts.
You worshipped Okawaru.
Okawaru was extremely pleased with you.
You visited 4 branches of the dungeon, and saw 19 of its levels.
You also visited: Bailey.

You collected 1247 gold pieces.

Inventory:

Hand Weapons
 a - a +1 heavy battleaxe
 b - a +0 sling
 w - the +0 war axe "Baehix" {heavy, *Noise rElec rPois rCorr}
   (You found it on level 7 of the Dungeon)

   rElec:     It insulates you from electricity.
   rPois:     It protects you from poison.
   *Noise:    It may make noises in combat.
   rCorr:     It protects you from acid and corrosion.
 R - a +1 vampiric glaive (weapon)
Missiles
 p - 5 javelins
 s - 73 poisoned darts (quivered)
 y - 6 silver javelins
 C - 2 curare-tipped darts
 D - 7 boomerangs
 H - 5 datura-tipped darts
 P - a throwing net
Armour
 c - the +15 Maxwell's patent armour (worn) {-Cast -Tele rElec Will+ rCorr}
   (You acquired it on level 14 of the Dungeon)

   rElec:     It insulates you from electricity.
   -Cast:     It prevents spellcasting.
   -Tele:     It prevents most forms of teleportation.
   rCorr:     It protects you from acid and corrosion.
   Will:      It increases your willpower.
 f - a +0 pair of boots (worn)
 j - a +0 pair of gloves (worn)
 E - the +10 plate armour "Jollet" {-Cast rPois rF+++}
   (Okawaru gifted it to you on level 1 of the Lair of Beasts)

   rF:        It renders you almost immune to fire.
   rPois:     It protects you from poison.
   -Cast:     It prevents spellcasting.
 F - a +1 kite shield of protection (worn)
 N - a +1 cloak (worn)
Jewellery
 h - a ring of protection from fire (right hand)
 k - a ring of ice
 n - a +6 ring of strength (left hand) {=R}
 x - an amulet of faith (around neck)
 z - a ring of flight
Wands
 u - a wand of mindburst (4)
 K - a wand of digging (2)
 M - a wand of flame (2)
 Q - a wand of acid (7)
Scrolls
 g - a scroll of fog
 o - 4 scrolls of fear
 q - a scroll of revelation
 v - 3 scrolls of enchant weapon
 A - a scroll of brand weapon
 I - 2 scrolls of vulnerability {unknown}
 J - a scroll of immolation {unknown}
 L - 3 scrolls of poison {unknown}
Potions
 d - 5 potions of might
 e - 6 potions of brilliance
 i - 3 potions of curing
 l - 4 potions of magic
 m - a potion of berserk rage
 r - 4 potions of invisibility
 t - 3 potions of mutation
 B - 3 potions of heal wounds
 G - 6 potions of cancellation
 O - a potion of lignification


   Skills:
 - Level 12.0 Fighting
 + Level 14.9(15.0) Axes
 + Level 1.6(9.8) Polearms
 + Level 10.7 Armour
 - Level 4.0 Dodging
 - Level 4.0 Stealth
 * Level 13.0 Shields
 + Level 8.9 Invocations


You had 13 spell levels left.
You didn't know any spells.
Your spell library contained the following spells:

 Spells                   Type           Power      Damage    Failure   Level
 Apportation              Tloc           0%         N/A       98%         1
 Freeze                   Ice            0%         1d3       98%         1
 Kiss of Death            Conj/Necr      0%         2d5       98%         1
 Necrotise                Necr           0%         1d4       98%         1
 Slow                     Hex            0%         N/A       98%         1
 Cigotuvi's Dreadful Rot  Necr/Pois/Air  0%         N/A       99%         2
 Confusing Touch          Hex            0%         N/A       100%        3
 Frozen Ramparts          Ice            0%         1d1       100%        3
 Hailstorm                Conj/Ice       0%         3d3       100%        3
 Ignite Poison            Fire/Tmut/Pois 0%         N/A       100%        3
 Vampiric Draining        Necr           0%         2d6       100%        3
 Dispel Undead            Necr           0%         3d6       100%        4
 Passage of Golubria      Tloc           0%         N/A       100%        4
 Agony                    Necr           0%         N/A       100%        5
 Freezing Cloud           Conj/Ice/Air   0%         6-21      100%        5
 Yara's Violent Unravell  Hex/Tmut       0%         3d3       100%        5
 Summon Small Mammal      Summ           Unusable   N/A       N/A         1
 Tukima's Dance           Hex            Unusable   N/A       N/A         3

Dungeon Overview and Level Annotations

Branches:
Dungeon (14/15)            Temple (1/1) D:6            Lair (3/5) D:11
 Shoals (0/4) Lair:3       Spider (0/4) Lair:3          Orc (1/2) D:9
 Bailey (visited)
 Vaults: D:13-14

Altars:
Ashenzari
Cheibriados
Dithmenos
Elyvilon
Fedhas
Gozag
Hepliaklqana
Kikubaaqudgha
Makhleb
Nemelex Xobeh
Okawaru
Qazlal
Ru
Sif Muna
Trog
Uskayaw
Vehumet
Wu Jian
Xom
Yredelemnul
Zin
The Shining One

Portals:
Trove: D:12 (give +4 demon whip)

Annotations:
D:14 exclusion: hydra
Lair:1 3 runed translucent doors, Leavold's ghost, journeyman TeFi


Innate Abilities, Weirdness & Mutations

You cannot be hasted, slowed, berserked, paralysed or teleported.
You can dig through walls and to a lower floor.
You have a pair of large antennae on your head. (SInv)
Your four strong arms can wield two-handed weapons with a shield.


Message History

You block the 13-headed hydra's attack.
You barely miss the 13-headed hydra.
The 13-headed hydra is heavily wounded.
You block the yak's attack. x2
You hack one of the 13-headed hydra's heads off!
The 12-headed hydra grows two more!
You slice the 14-headed hydra!!
The 14-headed hydra is heavily wounded.
You block the 14-headed hydra's attack. x2; The 14-headed hydra bites you.
* * * LOW HITPOINT WARNING * * *
The 14-headed hydra closely misses you.
The 14-headed hydra bites you but does no damage.
The 14-headed hydra bites you.
* * * LOW HITPOINT WARNING * * *
The 14-headed hydra completely misses you.
You block the 14-headed hydra's attack.
The 14-headed hydra bites you but does no damage. x2
You block the 14-headed hydra's attack.
The 14-headed hydra bites you but does no damage.
The 14-headed hydra completely misses you.
The 14-headed hydra bites you but does no damage.
The yak gores you but does no damage. The yak completely misses you.
You slice one of the 14-headed hydra's heads off!
The 13-headed hydra grows two more!
You hit the 15-headed hydra.
You feel better.
The 15-headed hydra is heavily wounded.
You slice one of the 15-headed hydra's heads off!
The 14-headed hydra grows two more!
You slice the 16-headed hydra!!
The 16-headed hydra is severely wounded.
You block the 16-headed hydra's attack.
The 16-headed hydra bites you but does no damage.
You block the 16-headed hydra's attack.
The 16-headed hydra bites you but does no damage. x4
The 16-headed hydra closely misses you.
The 16-headed hydra bites you but does no damage. x2
The 16-headed hydra bites you!
* * * LOW HITPOINT WARNING * * *
The 16-headed hydra bites you!
* * * LOW HITPOINT WARNING * * *
The 16-headed hydra bites you!
You die...

.~~...##..# #....##..##.....#
~~###.##.# #...............#
..#~..### ###...............#
~##.....###.................#
............................#
............................#
.............8..............#
....######.....###..........#
....# ##.....Y@D.P'..#....##
....#####........Y##.###P....#
.....#.#............#.###...##
....###....#...##...##.##....#
....##...###.8.###...#.###...#
.....#..####...##.#..### #..##
....#...###....[###....# #...#
....#<.8##...<..# #8.>## #†.##
....#...###.....# #...####...#


You could see a 16-headed hydra and 2 yaks.

Vanquished Creatures
  A death knight (D:11)
  2 centaur warriors
  A two-headed ogre (D:12)
  5 death yaks (Lair:1)
  A tengu warrior (D:13)
  2 skeletal warriors (D:14)
  3 deep elf pyromancers
  An orc knight (Bailey)
  An ugly thing (D:12)
  2 manticores
  A water nymph (Lair:3)
  Maurice (D:10)
  4 black mambas
  3 cyclopes
  Joseph (D:8)
  Maggie (D:8)
  5 gargoyles
  2 cane toads
  3 unseen horrors (D:11)
  3 rime drakes
  5 komodo dragons
  A freezing wraith (D:11)
  5 trolls
  The ghost of Shard1697 the Cudgeller, an amateur AtFi (D:3)
  A queen bee (shapeshifter) (D:11)
  3 polar bears
  A hornet (D:9)
  7 blink frogs (Lair:2)
  10 slime creatures
  2 vampires
  Sigmund (D:5)
  4 shadows
  43 yaks
  A spriggan (shapeshifter) (D:14)
  A fire elemental (D:8)
  A wraith (D:12)
  3 wyverns
  4 basilisks
  Eustachio (D:6)
  An unseen horror simulacrum (D:9)
  A steam dragon (D:10)
  6 vampire mosquitoes
  11 water moccasins
  An acid dragon (D:12)
  Duvessa (D:6)
  6 orc warriors
  4 ice beasts
  A black bear (D:5)
  12 wolves (Lair:1)
  6 centaurs
  A phantom (D:5)
  4 kobold brigands
  6 bullfrogs
  4 gnoll sergeants
  5 scorpions
  5 wights (D:9)
  Dowan (D:6)
  12 killer bees
  6 howler monkeys
  A bullfrog zombie (D:3)
  2 hounds
  9 orc priests
  2 gnoll boudas
  4 jellies
  2 centaur skeletons (D:3)
  2 iguanas
  24 orc wizards
  36 gnolls
  8 adders
  2 white imps (D:7)
  2 ufetubi (D:5)
  4 worms (Lair:3)
  3 dart slugs
  57 orcs
  10 bats
  6 endoplasms
  6 giant cockroaches
  5 goblins
  8 hobgoblins
  6 jackals
  31 kobolds
  A quokka (D:1)
  5 ball pythons
  2 frilled lizards (D:2)
  4 rats
474 creatures vanquished.

Notes
Turn   | Place    | Note
-------+----------+-------------------------------------------
     0 | D:1      | juan097 the Formicid Fighter began the quest for the Orb.
     0 | D:1      | Reached XP level 1. HP: 18/18 MP: 1/1
    85 | D:1      | Reached XP level 2. HP: 24/24 MP: 2/2
   183 | D:1      | Reached skill level 1 in Stealth
   516 | D:1      | Reached XP level 3. HP: 26/29 MP: 3/3
   851 | D:1      | Found a white marble altar of Elyvilon.
   951 | D:2      | Reached XP level 4. HP: 31/37 MP: 4/4
  1139 | D:2      | Found an ornate altar of the Wu Jian Council.
  2143 | D:3      | Found a runed translucent gate.
  2144 | D:3      | Found a runed translucent gate.
  2145 | D:3      | Found a runed translucent gate.
  2153 | D:3      | Noticed Shard1697's ghost (amateur AtFi)
  2189 | D:4      | Reached skill level 3 in Axes
  2189 | D:4      | Reached skill level 5 in Shields
  2189 | D:4      | Reached XP level 5. HP: 35/42 MP: 5/5
  2608 | D:3      | You fall into a shaft and drop 2 floors!
  2608 | D:5      | Entered Level 5 of the Dungeon
  2770 | D:5      | Reached XP level 6. HP: 24/49 MP: 6/6
  3130 | D:5      | Noticed a black bear
  3136 | D:5      | Killed a black bear
  3137 | D:5      | Reached XP level 7. HP: 49/55 MP: 7/7
  3152 | D:5      | Reached skill level 5 in Fighting
  3152 | D:5      | Reached skill level 4 in Axes
  3511 | D:4      | Found a sacrificial altar of Ru.
  3522 | D:4      | Reached skill level 5 in Axes
  3724 | D:4      | Found a basalt altar of Yredelemnul.
  3731 | D:4      | Reached XP level 8. HP: 46/64 MP: 8/8
  4300 | D:5      | Noticed Sigmund
  4717 | D:5      | Killed Sigmund
  4718 | D:5      | Reached skill level 6 in Axes
  4718 | D:5      | Reached skill level 1 in Dodging
  5216 | D:6      | Reached skill level 7 in Axes
  5477 | D:6      | Reached XP level 9. HP: 61/69 MP: 9/9
  5590 | D:6      | Found a staircase to the Ecumenical Temple.
  5615 | D:6      | Reached skill level 8 in Axes
  5623 | Temple   | Entered the Ecumenical Temple
  5629 | Temple   | Became a worshipper of Warmaster Okawaru
  5955 | D:6      | Noticed Duvessa
  5958 | D:6      | Noticed Dowan
  5969 | D:6      | Killed Duvessa
  5978 | D:6      | Killed Dowan
  6579 | D:6      | Noticed Eustachio
  6589 | D:6      | Killed Eustachio
  6787 | D:7      | Reached * piety under Okawaru
  6838 | D:7      | Identified the +0 war axe "Baehix" {heavy, *Noise rElec
                  | rPois rCorr}
  6894 | D:7      | Found a shimmering altar of Xom.
  6897 | D:7      | Reached skill level 9 in Axes
  6897 | D:7      | Reached skill level 5 in Armour
  6934 | D:7      | Found a flagged portal.
  6964 | Bailey   | Entered a bailey
  7137 | Bailey   | Noticed an orc knight
  7160 | Bailey   | HP: 2/63 [orc knight/+0 halberd (12)]
  7162 | Bailey   | Killed an orc knight
  7163 | Bailey   | Reached skill level 1 in Invocations
  7163 | Bailey   | Reached XP level 10. HP: 28/79 MP: 8/11
  7634 | D:7      | Reached ** piety under Okawaru
  8022 | D:8      | Noticed Maggie
  8046 | D:8      | Killed Maggie
  8047 | D:8      | Reached skill level 10 in Axes
  8257 | D:8      | Noticed Joseph
  8280 | D:8      | HP: 3/80 [Joseph/+0 quarterstaff (4)]
  8282 | D:8      | Killed Joseph
  8661 | D:8      | Noticed a gargoyle
  8759 | D:8      | Noticed a rime drake
  8772 | D:8      | Killed a rime drake
  8795 | D:8      | Noticed a deep elf pyromancer
  8850 | D:8      | Reached *** piety under Okawaru
  8927 | D:8      | Reached skill level 11 in Axes
  9040 | D:8      | Noticed a gargoyle
  9113 | D:8      | Killed a gargoyle
  9113 | D:8      | Reached **** piety under Okawaru
  9114 | D:8      | Reached XP level 11. HP: 64/87 MP: 14/14
  9253 | D:9      | Reached skill level 12 in Axes
  9528 | D:9      | Reached skill level 10 in Fighting
  9535 | D:9      | Reached ***** piety under Okawaru
  9751 | D:9      | Noticed a manticore
  9766 | D:9      | Killed a manticore
  9967 | D:9      | Found a stormy altar of Qazlal.
 10216 | D:9      | Found a staircase to the Orcish Mines.
 10341 | D:9      | Reached skill level 5 in Invocations
 10863 | Orc:1    | Entered Level 1 of the Orcish Mines
 10863 | Orc:1    | Noticed an ettin
 10890 | D:10     | Entered Level 10 of the Dungeon
 11191 | D:10     | Identified the +3 buckler of the Gloaming {Harm Will+}
                  | (Okawaru gifted it to you on level 10 of the Dungeon)
 11191 | D:10     | Received a gift from Okawaru
 11525 | D:10     | Noticed Maurice
 11533 | D:10     | Killed Maurice
 11663 | D:10     | Reached XP level 12. HP: 88/99 MP: 16/16
 12319 | D:10     | Found an ancient bone altar of Kikubaaqudgha.
 12989 | D:3      | Killed Shard1697's ghost
 13449 | D:11     | Noticed a centaur warrior
 13456 | D:11     | Killed a centaur warrior
 13867 | D:11     | Found a staircase to the Lair.
 14173 | D:11     | Reached ****** piety under Okawaru
 14225 | D:11     | Reached skill level 13 in Axes
 14247 | D:11     | Noticed a death knight
 14250 | Arena    | Entered the Arena
 14254 | Arena    | Received a gift from Okawaru
 14285 | D:11     | You fall into a shaft and drop 3 floors!
 14479 | D:14     | Noticed a seven-headed hydra
 14593 | D:14     | Noticed a skeletal warrior
 14622 | D:14     | Killed a skeletal warrior
 14804 | D:14     | Found a radiant altar of Vehumet.
 14823 | D:14     | Noticed a skeletal warrior
 14823 | D:14     | Noticed a skeletal warrior
 14861 | D:14     | Killed a skeletal warrior
 14972 | D:14     | Noticed a centaur warrior
 14987 | D:14     | Killed a centaur warrior
 15231 | D:14     | Identified a scroll of acquirement
 15232 | D:14     | Acquired the +15 Maxwell's patent armour {-Cast -Tele rElec
                  | Will+ rCorr}
 15232 | D:14     | Found the +15 Maxwell's patent armour {-Cast -Tele rElec
                  | Will+ rCorr}
 15369 | D:13     | Noticed a tengu warrior
 15370 | D:13     | Noticed a tengu warrior
 15376 | D:13     | Killed a tengu warrior
 15377 | D:13     | Reached XP level 13. HP: 108/108 MP: 16/19
 15426 | D:12     | Found a portal to a secret trove of treasure.
 15510 | D:12     | Received a gift from Okawaru
 16049 | D:11     | Reached skill level 14 in Axes
 16360 | Lair:1   | Entered Level 1 of the Lair of Beasts
 16398 | Lair:1   | Identified the +10 plate armour "Jollet" {-Cast rPois
                  | rF+++} (Okawaru gifted it to you on level 1 of the Lair of
                  | Beasts)
 16398 | Lair:1   | Received a gift from Okawaru
 16485 | Lair:1   | Reached skill level 10 in Shields
 17088 | Lair:1   | Found a runed translucent gate.
 17088 | Lair:1   | Found a runed translucent gate.
 17090 | Lair:1   | Found a runed translucent gate.
 17097 | Lair:1   | Noticed Leavold's ghost (journeyman TeFi)
 17884 | Lair:2   | Reached skill level 10 in Armour
 17888 | Lair:2   | Reached XP level 14. HP: 101/115 MP: 20/20
 18430 | Lair:3   | Identified the +1 helmet of Resilience {rC- Will++ Str+3
                  | Int+2}
 18439 | Lair:2   | Identified the +4 scale mail of the Equinox {rF++} (Okawaru
                  | gifted it to you on level 2 of the Lair of Beasts)
 18439 | Lair:2   | Received a gift from Okawaru
 19624 | D:12     | Reached skill level 1 in Polearms
 20049 | Lair:3   | Found a hole to the Spider Nest.
 20339 | Lair:3   | Identified the +0 robe "Xeigreji" {rElec rPois Will+}
 20491 | Lair:3   | Slain by a 16-headed hydra

Illustrated notes

Levels and vault maps discovered:
D:1:      dpeg_arrival_water_altar, layout_loops_corners
D:2:      layout_basic, basic_altar, kennysheep_generic_room_9
D:3:      layout_rooms, gammafunk_ghost_necromancy
D:4:      layout_cave_pools, nicolae_ru_great_annihilating_truth,
          marbit_many_paths, serial_forest, infiniplex_forest_lined_2,
          infiniplex_forest_straight_5, infiniplex_forest_clump_long,
          infiniplex_forest_corner_1, infiniplex_forest_zigzag_2,
          infiniplex_forest_straight_2, infiniplex_forest_clump_double,
          chequers_serial_rivers_small_3, nicolae_figureground_sparkle
D:5:      layout_basic, nicolae_sextant, uniq_sigmund
D:6:      layout_basic, minmay_temple_entry_statues_fountains, uniq_duvessa,
          uniq_eustachio
D:7:      layout_loops_ring, mainiacjoe_overflow_alcove_2, enter_bailey_6,
          grunt_ministairs_13
D:8:      layout_basic, dilly_guarded_unrand_elemental_staff, uniq_joseph,
          uniq_maggie
D:9:      kennysheep_blocky_room, layout_loops_ring, lemuel_doored_altar,
          david_orc_3, minmay_holes, eino_tiny_chamber, minmay_orc_keep
D:10:     layout_loops_ring, lemuel_coloured_pillars_altar,
          chequers_serial_rivers_marsh, nicolae_titane, uniq_maurice
D:11:     layout_roguey, lair_entry_dummy, minmay_shattered_shrine
D:12:     kennysheep_blocky_hall, layout_long_grid,
          nicolae_trove_entry_crossroad
D:13:     layout_loops_ring
D:14:     layout_cave_pods, david_vaults_5, nicolae_vehumet_radiance
Temple:   sentei_temple_godly_chess
Lair:1:   layout_misc_corridors, gammafunk_ghost_split
Lair:2:   layout_hall_layers
Lair:3:   layout_regular_city, nicolae_shoals_entry_flooding,
          nicolae_spider_entry_non_spiders, grunt_megastairs_5
Orc:1:    layout_caves

Skill      XL: |  1  2  3  4  5  6  7  8  9 10 11 12 13 14 |
---------------+-------------------------------------------+-----
Stealth        | 1 2 3 4 |  4.0
Fighting       | 4 6 7 8 10 12 | 12.0
Axes           | 3 5 7 9 11 12 13 14 | 14.9
Shields        | 5 6 11 13 | 13.0
Dodging        | 2 3 4 |  4.0
Armour         | 4 5 6 7 8 10 | 10.7
Invocations    | 1 4 5 8 |  8.9
Polearms       | 1 |  1.6

Action                     |  1- 3 |  4- 6 |  7- 9 | 10-12 | 13-15 || total
---------------------------+-------+-------+-------+-------+-------++-------
  Melee: War axe           |    68 |   142 |   316 |    40 |       ||   566
         Broad axe         |       |       |       |   619 |   112 ||   731
         Battleaxe         |       |       |       |       |   338 ||   338
         Glaive            |       |       |       |       |    18 ||    18
   Fire: Sling             |       |    32 |    40 |    55 |    28 ||   155
  Throw: Dart              |       |     4 |     8 |    11 |     6 ||    29
         Throwing net      |       |       |     1 |       |       ||     1
 Invoke: Heroism           |       |       |     1 |     6 |     3 ||    10
         Finesse           |       |       |       |     2 |     2 ||     4
         Duel              |       |       |       |     1 |       ||     1
Ability: Shaft Self        |       |     1 |       |     1 |       ||     2
         Dig               |       |     1 |       |       |       ||     1
    Use: Scroll            |       |       |    10 |     6 |     4 ||    20
         Potion            |       |       |     2 |     3 |     1 ||     6
   Stab: Sleeping          |       |       |     6 |     3 |       ||     9
         Held in net/web   |       |       |     1 |       |       ||     1
 Armour: Scale mail        |    27 |    84 |    50 |    15 |       ||   176
         Leather armour    |       |       |    55 |       |       ||    55
         Ring mail         |       |       |       |   189 |       ||   189
         Plate armour      |       |       |       |     3 |   298 ||   301
  Dodge: Dodged            |    36 |   114 |   157 |   296 |   179 ||   782
  Block: Buckler           |    14 |    56 |    98 |   196 |     3 ||   367
         Reflection        |       |       |       |     3 |       ||     3
         Kite shield       |       |       |       |       |   333 ||   333

Table legend: (Time is in decaauts)
 A = Elapsed time spent in this place.
 B = Non-inter-level travel time spent in this place.
 C = Inter-level travel time spent in this place.
 D = Time resting spent in this place.
 E = Time spent auto-exploring this place.
 F = Levels seen in this place.
 G = Mean time per level.
                   A        B        C        D        E       F      G
               +--------+--------+--------+--------+--------+-----+--------+
         Total |  20696 |  19326 |   1370 |    407 |  13837 |  21 |  985.5 |
       Dungeon |  16809 |  15592 |   1217 |    372 |  11016 |  14 | 1200.6 |
        Temple |     10 |     10 |      0 |      0 |      2 |   1 |   10.0 |
          Lair |   3339 |   3187 |    152 |     19 |   2456 |   3 | 1113.0 |
  Orcish Mines |      1 |      1 |      0 |      0 |      0 |   1 |    1.0 |
        Bailey |    512 |    512 |      0 |      0 |    363 |   1 |  512.0 |
         Arena |     22 |     22 |      0 |     16 |      0 |   1 |   22.0 |
               +--------+--------+--------+--------+--------+-----+--------+

Top non-repeatable levels by time:
    D:11: 1821 daAuts
     D:6: 1794 daAuts
     D:8: 1675 daAuts
     D:9: 1591 daAuts
    D:10: 1571 daAuts
  Lair:1: 1484 daAuts
     D:5: 1474 daAuts
     D:4: 1439 daAuts
  Lair:3: 993 daAuts
    D:14: 956 daAuts
    D:12: 942 daAuts
     D:1: 919 daAuts
     D:7: 916 daAuts
  Lair:2: 861 daAuts
     D:2: 815 daAuts
